 Dungeon Crawl Stone Soup version 0.26.1-2-gb8aa6d0cf2 (webtiles) character file.

Game seed: 11271256234357676904

44885 Gadfly the Grappler (level 13, -7/130 HPs)
             Began as a Troll Monk on Feb 24, 2021.
             Was a High Priest of Wu Jian.
             Mangled by a four-headed hydra (8 damage)
             ... on level 6 of the Lair of Beasts.
             The game lasted 00:37:45 (19051 turns).

Gadfly the Grappler (Troll Monk)                   Turns: 19051, Time: 00:37:46

Health: -7/130     AC: 12    Str: 25    XL:     13   Next: 98%
Magic:  12/12      EV: 20    Int:  6    God:    Wu Jian [*****.]
Gold:   1102       SH:  0    Dex: 19    Spells: 10/12 levels left

rFire    . . .     SeeInvis +   b - +1 scimitar (flame)
rCold    . . .     Faith    .   (no shield)
rNeg     + . .     Spirit   .   u - +2 robe {rN+}
rPois    .         Reflect  .   (helmet restricted)
rElec    .         Harm     .   n - +2 cloak
rCorr    .         Rampage  .   (gloves unavailable)
Will     .....     Clarity  +   (boots unavailable)
Stlth    ++........             s - amulet of the acrobat
HPRegen  0.71/turn              v - +4 ring of evasion
MPRegen  0.13/turn              k - +6 ring of dexterity

@: no status effects
A: large, unfitting armour, claws 3, talons 1, see invisible, clarity,
regeneration 1, shaggy fur 1, tough skin 3, MP-powered wands
a: Renounce Religion, Wall Jump, Serpent's Lash, Heavenly Storm


You were on level 6 of the Lair of Beasts.
You worshipped Wu Jian.
Wu Jian was extremely pleased with you.
You visited 3 branches of the dungeon, and saw 18 of its levels.
You visited the Abyss 1 time.

You collected 1102 gold pieces.

Inventory:

Hand Weapons
 b - a +1 scimitar of flaming (weapon)
 l - a +5 quarterstaff of chaos
 C - a +6 dagger of venom
Armour
 n - a +2 cloak (worn)
 u - a +2 robe of positive energy (worn)
 D - a +0 robe of cold resistance
Jewellery
 e - an uncursed ring of resist corrosion
 k - a +6 ring of dexterity (right claw)
 p - an uncursed ring of ice
 s - an amulet of the acrobat (around neck)
 v - a +4 ring of evasion (left claw)
 x - an uncursed ring of protection from cold
 G - an uncursed ring of see invisible
Wands
 g - a wand of disintegration (7)
 t - a wand of random effects (14)
 w - a wand of enslavement (3)
 B - a wand of flame (12)
 E - a wand of polymorph (12)
 H - a wand of digging (4)
Scrolls
 c - 4 scrolls of magic mapping
 j - 4 scrolls of teleportation
 m - a scroll of fear
 q - 3 scrolls of blinking
 y - a scroll of enchant weapon
 z - 5 scrolls of remove curse
 F - 3 scrolls of holy word
Potions
 a - 3 potions of lignification
 d - 2 potions of heal wounds
 f - a potion of might
 h - 5 potions of haste
 i - 4 potions of attraction
 r - 4 potions of flight
 L - a potion of ambrosia
Miscellaneous
 A - a phial of floods
 I - a phantom mirror
 M - a box of beasts


   Skills:
 + Level 8.8 Fighting
 + Level 8.8 Armour
 + Level 8.7 Dodging
 - Level 1.0 Stealth
 * Level 13.9 Unarmed Combat
 + Level 8.2 Evocations


You had 10 spell levels left.
You knew the following spells:

 Your Spells              Type           Power        Failure   Level
a - Swiftness             Air            0%           58%         2

Your spell library contained the following spells:

 Spells                   Type           Power        Failure   Level
 Shock                    Conj/Air       0%           45%         1
 Confusing Touch          Hex            0%           83%         3
 Gell's Gravitas          Tloc           0%           83%         3
 Static Discharge         Conj/Air       0%           83%         3
 Airstrike                Air            0%           99%         4
 Petrify                  Tmut/Erth      0%           99%         4
 Lightning Bolt           Conj/Air       0%           100%        5
 Metabolic Englaciation   Hex/Ice        0%           100%        5
 Yara's Violent Unravell  Hex/Tmut       0%           100%        5


Dungeon Overview and Level Annotations

Branches:
Dungeon (11/15)            Temple (1/1) D:7            Lair (6/6) D:11
  Swamp (0/4) Lair:2        Snake (0/4) Lair:2        Slime (0/5) Lair:5
    Orc (0/2) D:9

Altars:
Ashenzari
Cheibriados
Dithmenos
Elyvilon
Fedhas
Gozag
Hepliaklqana
Kikubaaqudgha
Makhleb
Nemelex Xobeh
Okawaru
Qazlal
Ru
Sif Muna
Trog
Uskayaw
Vehumet
Wu Jian
Xom
Yredelemnul
Zin
The Shining One
Jiyva

Annotations:
D:8 1 runed translucent door
Lair:6 exclusion: oklob plant


Innate Abilities, Weirdness & Mutations

You are too large for most types of armour.
You have claws for hands.
Your natural rate of healing is unusually fast.
You are covered in fur. (AC +1)
You have extremely tough skin. (AC +3)
You have sharp toenails.
You have supernaturally acute eyesight. (SInv)
You possess an exceptional clarity of mind.
You expend magic power (3 MP) to strengthen your wands.


Message History

You burn the four-headed hydra. You claw the four-headed hydra.
The four-headed hydra is severely wounded.
The four-headed hydra bites you but does no damage.
The four-headed hydra closely misses you. x2
The four-headed hydra bites you but does no damage.
The four-headed hydra bites you!
* * * LOW HITPOINT WARNING * * *
The four-headed hydra misses you. x2; The four-headed hydra bites you!
* * * LOW HITPOINT WARNING * * *
You are too injured to fight recklessly!
Unknown command.
You are too injured to fight recklessly!
Okay, then.
You barely miss the four-headed hydra.
You claw the four-headed hydra, but do no damage.
The four-headed hydra is severely wounded.
The four-headed hydra bites you!
* * * LOW HITPOINT WARNING * * *
The four-headed hydra bites you!
You die...

***** ***** *,,,****
♣♣♣♣♣ *,,,, ,,,,,*,***
♣..†♣♣ *,,,8
,,,,,,*,.♣♣* ♣....♣
*,,8, *,,,*****..♣♣*
♣♣...♣ *,,,8 ,,,**
**♣l.♣* ♣..♣♣ *,,*,
,,,,* *♣..♣*♣♣.♣♣ *,,,*
,,,,** *♣..♣♣..♣ *,,8,
,,,,,* ♣..♣@.♣♣ **,,,,
,,,,,* *♣lD♣♣♣
*****+**** ,,,,,**
♣♣..♣* **,**,***
,,,,,,* ♣♣..♣*
**,,,,,,,*** ,,,****
******♣..♣**,,,***,,,,*
,,,,*
***,,,***♣.♣,,****
****,, ,,,,*
***,,,,,,,*,P.*** **,
,,,,***,,******,,,,♣♣
** ,,,,,,,*** **,,**


You could see a four-headed hydra and a komodo dragon.

Vanquished Creatures
  Gastronok (Lair:1)
  3 hydras
  Erica (Lair:2)
  A catoblepas (Lair:1)
  12 death yaks
  Sonja (Lair:1)
  Nergalle (Lair:2)
  An unseen horror (D:10)
  2 lindwurms
  Pikel (D:8)
  An oklob plant (D:11)
  An ugly thing (D:7)
  A cyclops (D:11)
  7 elephants
  A torpor snail (Lair:2)
  2 black mambas
  17 cane toads
  A komodo dragon (Lair:4)
  4 rime drakes
  3 polar bears
  A troll (D:10)
  6 dream sheep (Lair:5)
  10 blink frogs
  Sigmund (D:6)
  3 flying skulls (Abyss:1)
  20 yaks
  8 wyverns
  5 basilisks
  Menkaure (D:6)
  5 vampire mosquitoes (Lair:2)
  A small abomination (Abyss:1)
  4 soldier ants (D:8)
  15 water moccasins
  An orc warrior (D:8)
  2 sky beasts
  3 ice beasts
  A black bear (D:7)
  A necrophage (D:5)
  11 wolves
  3 ogres
  7 centaurs
  3 big kobolds
  17 bullfrogs
  A water moccasin zombie (D:9)
  A wyvern skeleton (D:10)
  5 scorpions
  2 water moccasin skeletons
  13 killer bees
  14 wights
  4 howler monkeys
  2 centaur zombies
  A jelly (D:10)
  3 bullfrog zombies
  A gnoll shaman (D:5)
  A centaur skeleton (D:10)
  3 hounds
  9 orc wizards
  2 quasits (D:7)
  Crazy Yiuf (D:3)
  3 orc priests
  A bullfrog skeleton (D:10)
  5 iguanas
  8 worker ants
  A hound skeleton (D:8)
  4 worker ant zombies
  7 gnolls
  15 adders
  2 shadow imps
  6 white imps
  An ufetubus (D:8)
  An adder zombie (D:5)
  3 worms
  An adder skeleton (D:6)
  3 dart slugs
  8 leopard geckos
  18 orcs
  5 ball pythons
  7 giant cockroaches
  13 hobgoblins
  16 jackals
  4 quokkas
  8 bats
  8 frilled lizards
  17 goblins
  A jackal skeleton (D:4)
  20 kobolds
  A leopard gecko skeleton (D:5)
  3 rats
444 creatures vanquished.

Vanquished Creatures (others)
  21 fungi
  23 plants
44 creatures vanquished.

Grand Total: 488 creatures vanquished

Notes
Turn   | Place    | Note
-------+----------+-------------------------------------------
     0 | D:1      | Gadfly the Troll Monk began the quest for the Orb.
     0 | D:1      | Reached XP level 1. HP: 22/22 MP: 0/0
    91 | D:1      | Reached XP level 2. HP: 29/29 MP: 1/1
   456 | D:1      | Reached XP level 3. HP: 35/36 MP: 2/2
   461 | D:1      | Reached skill level 1 in Armour
   481 | D:1      | Reached skill level 1 in Evocations
  1155 | D:2      | Found a shimmering blue altar of Sif Muna.
  1199 | D:2      | Reached XP level 4. HP: 44/44 MP: 3/3
  1559 | D:2      | Found a hazy altar of Hepliaklqana.
  1842 | D:2      | Found an opulent altar of Gozag.
  2218 | D:3      | Reached skill level 4 in Unarmed Combat
  2218 | D:3      | Reached XP level 5. HP: 35/52 MP: 4/4
  2593 | D:3      | Found a runed translucent door.
  2594 | D:3      | Noticed Crazy Yiuf
  2764 | D:3      | Killed Crazy Yiuf
  2765 | D:3      | Reached XP level 6. HP: 42/61 MP: 5/5
  3182 | D:4      | You fall into a shaft and drop 3 floors!
  3215 | D:7      | Noticed an ice beast
  3216 | D:7      | Found an iron altar of Okawaru.
  3431 | D:7      | Reached XP level 7. HP: 41/67 MP: 6/6
  3521 | D:7      | Reached skill level 5 in Unarmed Combat
  3812 | D:6      | Reached XP level 8. HP: 68/75 MP: 7/7
  3881 | D:5      | Entered Level 5 of the Dungeon
  4834 | D:5      | Reached skill level 6 in Unarmed Combat
  5430 | D:6      | Found a stormy altar of Qazlal.
  5430 | D:6      | Found a blossoming altar of Fedhas.
  5938 | D:6      | Found a shimmering altar of Xom.
  5950 | D:6      | Found a glowing golden altar of the Shining One.
  6128 | D:6      | Reached XP level 9. HP: 53/84 MP: 8/8
  6440 | D:6      | Reached skill level 7 in Unarmed Combat
  6532 | D:6      | Noticed Sigmund
  6561 | D:6      | Killed Sigmund
  6684 | D:6      | Noticed Menkaure
  6693 | D:6      | Killed Menkaure
  7044 | D:7      | Found an ancient bone altar of Kikubaaqudgha.
  7246 | D:7      | Found a staircase to the Ecumenical Temple.
  7257 | Temple   | Entered the Ecumenical Temple
  7356 | Temple   | Became a worshipper of the Wu Jian Council
  7356 | Temple   | Reached * piety under Wu Jian
  7356 | Temple   | Reached ** piety under Wu Jian
  7725 | D:7      | Reached skill level 5 in Armour
  7827 | D:8      | Reached skill level 8 in Unarmed Combat
  7844 | D:8      | Found the +9 staff of Olgreb {rPois∞}
  7857 | D:8      | Noticed a cyan ugly thing
  7949 | D:8      | Found a runed translucent door.
  7950 | D:8      | Found a runed translucent gate.
  7950 | D:8      | Found a runed translucent gate.
  7957 | D:8      | Reached skill level 5 in Fighting
  8135 | D:8      | Found a runed translucent door.
  8143 | D:8      | Reached skill level 5 in Dodging
  8168 | D:8      | Found a runed translucent gate.
  8193 | D:7      | Killed a cyan ugly thing
  8194 | D:7      | Reached skill level 5 in Evocations
  8194 | D:7      | Reached XP level 10. HP: 25/96 MP: 9/9
  8798 | D:8      | Reached skill level 9 in Unarmed Combat
  8820 | D:8      | Reached *** piety under Wu Jian
  9179 | D:9      | Found a staircase to the Orcish Mines.
  9206 | D:9      | Noticed Pikel
  9243 | D:8      | Killed Pikel
  9923 | D:10     | Entered Level 10 of the Dungeon
 10154 | D:10     | Killed an unseen horror
 10223 | D:10     | Reached **** piety under Wu Jian
 10224 | D:10     | Reached skill level 10 in Unarmed Combat
 10225 | D:10     | Reached XP level 11. HP: 105/105 MP: 10/10
 10703 | D:11     | Found a staircase to the Lair.
 10703 | D:11     | Noticed an oklob plant
 10716 | D:11     | Killed an oklob plant
 11007 | D:11     | Noticed a seven-headed hydra
 11230 | Lair:1   | Entered Level 1 of the Lair of Beasts
 11429 | Lair:1   | Noticed Gastronok
 11445 | Lair:1   | Killed Gastronok
 11715 | Lair:1   | Reached skill level 11 in Unarmed Combat
 12092 | Lair:1   | Noticed Sonja
 12105 | Lair:1   | Cast into level 1 of the Abyss (Sonja)
 12330 | Lair:1   | Escaped the Abyss
 12342 | Lair:1   | Killed Sonja
 12805 | Lair:2   | Noticed Nergalle
 12817 | Lair:2   | Killed Nergalle
 12847 | Lair:2   | Noticed a death yak
 12848 | Lair:2   | Noticed a catoblepas
 12848 | Lair:2   | Noticed a death yak
 12848 | Lair:2   | Noticed a death yak
 12849 | Lair:2   | Noticed a death yak
 13106 | Lair:1   | Killed a catoblepas
 13107 | Lair:1   | Reached XP level 12. HP: 45/118 MP: 11/11
 13219 | Lair:2   | Killed a death yak
 13227 | Lair:2   | Reached ***** piety under Wu Jian
 13240 | Lair:1   | HP: 4/118 [death yak (25)]
 13244 | Lair:1   | Killed a death yak
 13247 | Lair:1   | Killed a death yak
 13455 | Lair:1   | HP: 4/118 [death yak (13)]
 13457 | Lair:1   | Killed a death yak
 13649 | Lair:2   | Noticed a seven-headed hydra
 13779 | Lair:2   | Reached skill level 12 in Unarmed Combat
 13825 | Lair:2   | Noticed a death yak
 13838 | Lair:2   | Killed a death yak
 13856 | Lair:2   | HP: 1/118 [torpor snail (19)]
 13861 | Lair:2   | HP: 2/118 [poisoned by a water moccasin]
 13868 | Lair:2   | HP: 5/118 [poisoned by a water moccasin]
 14102 | Lair:2   | Found a staircase to the Snake Pit.
 14162 | Lair:2   | Noticed Erica
 14166 | Lair:2   | Killed Erica
 14566 | Lair:2   | Noticed a five-headed hydra
 14582 | Lair:2   | Killed a one-headed hydra
 14736 | Lair:2   | Found a staircase to the Swamp.
 15759 | Lair:4   | Reached XP level 13. HP: 112/127 MP: 12/12
 16331 | Lair:4   | Reached skill level 13 in Unarmed Combat
 17402 | Lair:4   | HP: 7/190 [death yak (7)]
 18221 | Lair:5   | Found a staircase to the Slime Pits.
 18222 | Lair:5   | Found a viscous altar of Jiyva.
 18854 | Lair:5   | Learned a level 2 spell: Swiftness
 18854 | Lair:5   | Gained mutation: You have sharp toenails. [potion of
                  | mutation]
 18854 | Lair:5   | Gained mutation: You expend magic power (3 MP) to
                  | strengthen your wands. [potion of mutation]
 18854 | Lair:5   | Gained mutation: You have supernaturally acute eyesight.
                  | (SInv) [potion of mutation]
 18854 | Lair:5   | Gained mutation: You possess an exceptional clarity of
                  | mind. [potion of mutation]
 18874 | Lair:6   | Entered Level 6 of the Lair of Beasts
 19051 | Lair:6   | HP: 1/130 [four-headed hydra (12)]
 19051 | Lair:6   | Mangled by a four-headed hydra

Illustrated notes

Levels and vault maps discovered:
D:1:      dpeg_arrival_connections, layout_basic, serial_aquarium,
          aquarium_bridge_island_small [aquarium_subvault_small_open,
          aquarium_subvault_bridge, aquarium_subvault_balcony,
          aquarium_subvault_bridge, aquarium_subvault_bridge],
          aquarium_bridge_straight [aquarium_subvault_bridge,
          aquarium_subvault_wall, aquarium_subvault_bridge,
          aquarium_subvault_wall], aquarium_window_corner,
          aquarium_window_double, aquarium_view_2b, aquarium_view_2c,
          aquarium_balcony_double_1, minmay_cupped
D:2:      layout_basic, marbit_many_paths, nicolae_overflow_crystal_walls,
          nzn_hepliaklqana_mist_gate
D:3:      layout_rooms, uniq_crazy_yiuf_cottage
D:4:      layout_layer_cave
D:5:      layout_basic
D:6:      nicolae_whirlpool, layout_layer_cave,
          grunt_temple_overflow_forces_of_nature, minitemple, uniq_menkaure,
          uniq_sigmund
D:7:      layout_loops_ring, lemuel_crystal_altar, minmay_temple_entry_fiery,
          okawaru_trees_2
D:8:      layout_gridville, minmay_guarded_unrand_staff_of_olgreb
D:9:      layout_basic, orc_0_dummy, uniq_pikel
D:10:     layout_long_grid
D:11:     layout_big_octagon, dpeg_oklobed_lair, gammafunk_ghost_mausoleum
Temple:   minmay_temple_curvy_branch
Lair:1:   layout_cave_pods, beast_lair_carwin_8, uniq_gastronok, uniq_sonja
Lair:2:   layout_misc_corridors, minmay_swamp_entry_swarm, dummy_snake_entry,
          st_stairs_4, lemuel_fruit_tree, grunt_megastairs_4, uniq_erica,
          uniq_nergalle
Lair:3:   layout_loops_ring
Lair:4:   layout_small_grid, minmay_shattered_shrine
Lair:5:   layout_long_grid, slime_altar_1
Lair:6:   evil_forest, layout_regular_city, gauntlet_entry_generic,
          chequers_serial_rivers_micro_e, grunt_megastairs_1,
          serial_bayou_shore_a, infiniplex_staircase_pool_2

Skill      XL: |  1  2  3  4  5  6  7  8  9 10 11 12 13 |
---------------+----------------------------------------+-----
Armour         | 1 2 3 4 5 6 7 8 |  8.8
Evocations     | 1 2 3 4 5 6 7 8 |  8.2
Unarmed Combat | 4 5 6 8 10 11 12 13 | 13.9
Fighting       | 3 4 5 6 7 8 |  8.8
Dodging        | 3 4 5 6 7 8 |  8.7
Stealth        | |  1.0

Action                   |  1- 3 |  4- 6 |  7- 9 | 10-12 | 13-15 || total
-------------------------+-------+-------+-------+-------+-------++-------
Melee: Unarmed           |   116 |   156 |   355 |   610 |   312 ||  1549
       Punch             |     1 |     3 |    22 |    54 |    38 ||   118
       Scimitar          |       |       |       |     7 |    14 ||    21
       Kick              |       |       |       |       |    26 ||    26
Invok: Whirlwind         |       |       |     6 |    16 |    22 ||    44
       Lunge             |       |       |     3 |    22 |    17 ||    42
       Serpent's Lash    |       |       |       |       |     1 ||     1
 Abil: Wall Jump         |       |       |       |     1 |     1 ||     2
Evoke: Wand              |       |       |    21 |    13 |       ||    34
  Use: Scroll            |     3 |     7 |     7 |    11 |     7 ||    35
       Potion            |     1 |     1 |     2 |     3 |     4 ||    11
 Stab: Sleeping          |     1 |     4 |     4 |     6 |     3 ||    18
       Paralysed         |       |       |       |     3 |       ||     3
       Petrified         |       |       |       |     3 |       ||     3
       Distracted        |       |       |       |     2 |       ||     2
Armor: Robe              |    39 |    49 |   126 |   192 |   126 ||   532
       Skin              |       |       |     9 |       |     3 ||    12
Dodge: Dodged            |    58 |    70 |   258 |   475 |   325 ||  1186
       Rpst.: Scimitar   |       |       |       |     1 |     3 ||     4
